AoeStats
← 小小吸管

Arena

509879318Analyzed
4v4 RM · 2d ago on Sep 28, 2026· 51m 14s· 8 players
Game mode
Random Map
Map size
Large (8 player)
Population
200
Speed
Normal
Resources
Standard
Victory
Conquest
Starting age
Dark Age
Ending age
Imperial Age
RankedLock teamsTeams togetherTeam positionsShared explorationLock speedFull tech treeHidden civsTurbo modeCheats
Victory
Defeat
🇮🇹 Bohemians · Italy
1243
+12
🇨🇳 Ethiopians · China
1238
+13
🇯🇵 Turks · Japan
1203
+14
🇨🇳 Sicilians · China
1193
+14
🇨🇳 Gurjaras · China
1247
-16
🇹🇼 Shu · Taiwan
1221
-16
🇹🇼 Cumans · Taiwan
1097
-11
🇹🇼 Armenians · Taiwan
1077
-10
lanlinxxs
10:14 Feudal Age
14:02 Castle Age
12:45 Double-Bit Axe
12:44 Horse Collar
22:32 Heavy Plow
22:29 Loom
23:34 Wheelbarrow
23:08 Gold Mining
23:09 Stone Mining
29:09 Imperial Age
26:25 Town Watch
26:33 Fletching
28:03 Hand Cart
27:50 Town Patrol
28:36 First Crusade
28:28 Scale Mail Armor
28:39 Forging
28:58 Bodkin Arrow
29:25 Squires
29:11 Arson
30:13 Bow Saw
30:43 Stone Shaft Mining
30:43 Gold Shaft Mining
31:03 Chain Mail Armor
31:04 Bracer
33:23 Elite Serjeant
34:24 Conscription
35:43 Iron Casting
36:45 Plate Mail Armor
37:20 Chemistry
36:06 Arrowslits
36:41 Ballistics
36:18 Murder Holes
36:34 Masonry
37:37 Coinage
37:17 Guilds
38:55 Banking
39:28 Blast Furnace
41:31 Pikeman
44:32 Siege Engineers
44:09 Halberdier
51:53 Hoardings
51:56 Crop Rotation
TheScRider
8:04 Loom
10:17 Feudal Age
13:53 Castle Age
15:04 Double-Bit Axe
24:02 Horse Collar
30:18 Imperial Age
28:37 Pikeman
29:24 Scale Mail Armor
29:35 Forging
30:36 Bow Saw
32:11 Chemistry
31:42 Chain Mail Armor
31:44 Heavy Plow
33:20 Halberdier
36:04 Plate Mail Armor
36:10 Iron Casting
38:43 Padded Archer Armor
39:30 Wheelbarrow
51:13 Siege Engineers
cupubangetz
9:54 Feudal Age
10:33 Double-Bit Axe
11:47 Loom
14:36 Castle Age
12:38 Horse Collar
15:28 Bow Saw
16:02 Heavy Plow
19:44 Stone Mining
19:44 Gold Mining
23:53 Fletching
35:49 Wheelbarrow
38:07 Gold Mining
39:25 Treadmill Crane
40:00 Fortified Wall
40:46 Gold Shaft Mining
42:23 Forging
42:18 Scale Barding Armor
42:27 Bloodlines
42:17 Husbandry
42:55 Town Watch
44:10 Iron Casting
43:30 Bodkin Arrow
46:32 Imperial Age
44:18 Hand Cart
44:04 Town Patrol
44:26 Chain Barding Armor
44:07 Padded Archer Armor
46:54 Sipahi
48:26 Coinage
48:07 Guilds
47:58 Caravan
48:22 Conscription
48:06 Artillery
48:27 Sipahi
47:27 Elite Janissary
48:26 Bracer
49:26 Blast Furnace
49:52 Two-Man Saw
49:58 Plate Barding Armor
51:28 Hoardings
muui
3:28 Loom
11:54 Feudal Age
15:55 Castle Age
14:08 Double-Bit Axe
14:35 Horse Collar
14:50 Town Watch
22:11 Wheelbarrow
23:49 Man-at-Arms
24:44 Fletching
25:08 Crossbowman
26:44 Thumb Ring
26:43 Padded Archer Armor
26:43 Long Swordsman
28:43 Heavy Plow
29:17 Fortified Wall
33:34 Bow Saw
46:22 Bodkin Arrow
47:06 Leather Archer Armor
小小吸管
10:50 Feudal Age
17:11 Castle Age
17:18 Capped Ram
18:07 Horse Collar
18:22 Double-Bit Axe
25:34 Loom
28:21 Bow Saw
35:55 Bloodlines
43:32 Light Cavalry
48:23 Scale Barding Armor
48:29 Forging
bluemountain
9:19 Feudal Age
15:15 Castle Age
13:47 Fletching
14:58 Double-Bit Axe
15:29 Crossbowman
19:02 Bodkin Arrow
22:36 Padded Archer Armor
23:17 Ballistics
23:53 Thumb Ring
25:01 Leather Archer Armor
29:16 Bow Saw
30:41 Treadmill Crane
34:01 Wheelbarrow
33:12 Loom
36:37 Imperial Age
35:26 Town Watch
36:51 Arbalester
37:33 Bracer
38:36 Chemistry
39:41 Two-Man Saw
39:28 Ring Archer Armor
40:18 Hand Cart
39:53 Horse Collar
41:58 Fortified Wall
44:10 Masonry
46:13 Bolt Magazine
46:33 Conscription
中国足球
10:42 Feudal Age
11:38 Double-Bit Axe
11:44 Horse Collar
14:33 Castle Age
16:29 Wheelbarrow
16:08 Bow Saw
16:22 Heavy Plow
21:57 Bloodlines
26:31 Loom
28:45 Stone Mining
28:49 Gold Mining
29:08 Scale Barding Armor
29:04 Husbandry
34:16 Imperial Age
32:02 Hand Cart
31:33 Town Watch
32:54 Chain Barding Armor
33:24 Forging
33:36 Scale Mail Armor
34:50 Gold Shaft Mining
34:51 Stone Shaft Mining
34:38 Siege Elephant
35:56 Plate Barding Armor
35:46 Kshatriyas
36:41 Chain Mail Armor
36:58 Conscription
37:14 Iron Casting
36:02 Elite Chakram Thrower
37:22 Hoardings
38:13 Plate Mail Armor
39:13 Light Cavalry
40:29 Crop Rotation
39:53 Hussar
42:18 Fletching
42:29 Padded Archer Armor
50:31 Bodkin Arrow
TingA
10:02 Feudal Age
14:18 Man-at-Arms
16:02 Long Swordsman
24:50 Castle Age
22:59 Horse Collar
24:41 Double-Bit Axe
24:51 Stone Mining
25:25 Forging
25:06 Fletching
25:20 Scale Mail Armor
25:00 Two-Handed Swordsman
26:25 Bow Saw
27:15 Gold Mining
27:17 Champion
27:43 Gambesons
28:32 Heavy Plow
28:12 Pikeman
28:53 Squires
28:39 Arson
30:42 Gold Shaft Mining
31:22 Chain Mail Armor
31:42 Iron Casting
31:15 Loom
33:15 Wheelbarrow
35:34 Town Watch
36:41 Halberdier
38:01 Hand Cart
39:25 Fletching
40:14 Town Patrol
46:42 Imperial Age
51:23 Hoardings
Connection lost

Rejoining the realm…

Still unreachable

The connection could not be restored.

Session expired

The server has moved on; the page needs a fresh start.